 Dungeon Crawl Stone Soup version 0.27-a0-1191-g601b473118 (webtiles) character file.

Game seed: 1008007370607781992

144 wakim the Digger (level 5, 0/28 HPs)
             Began as a Gargoyle Earth Elementalist on May 23, 2021.
             Killed by nerve-wracking pain
             ... invoked by an orc priest
              (4 damage)
             ... on level 3 of the Dungeon.
             The game lasted 00:08:17 (4128 turns).

wakim the Digger (Gargoyle Earth Elementalist)      Turns: 4128, Time: 00:08:18

Health: 0/28       AC:  6    Str: 12    XL:     5   Next: 26%
Magic:  8/8        EV: 11    Int: 16    God:
Gold:   81         SH:  0    Dex: 10    Spells: 0/9 levels left

rFire    . . .     SeeInvis .   a - +1 dagger (venom)
rCold    . . .     Faith    .   (no shield)
rNeg     + . .     Spirit   .   c - +0 robe
rPois    ∞         Reflect  .   (no helmet)
rElec    +         Harm     .   (no cloak)
rCorr    +         Rampage  .   (no gloves)
Will     .....                  (no boots)
Stlth    ++........             (no amulet)
HPRegen  0.09/turn              b - ring of resist corrosion
MPRegen  0.11/turn              (no ring)

@: no status effects
A: sickness immunity, AC +4, negative energy resistance 1, electricity
resistance, torment resistance 1, petrification resistance
a: no special abilities


You were on level 3 of the Dungeon.
You visited 1 branch of the dungeon, and saw 3 of its levels.

You collected 81 gold pieces.

Inventory:

Hand Weapons
 a - a +1 dagger of venom (weapon)
Missiles
 d - 13 poisoned darts
 s - 41 stones
Armour
 c - a +0 robe (worn)
 f - a +0 helmet
Jewellery
 b - a ring of resist corrosion (left hand)
Scrolls
 e - a scroll of amnesia {unknown}
 r - 4 scrolls of identify


   Skills:
 - Level 1.5 Dodging
 - Level 2.1 Stealth
 - Level 2.5 Spellcasting
 + Level 2.3 Conjurations
 - Level 0.7 Transmutations
 + Level 6.0 Earth Magic


You couldn't memorise any spells.
You knew the following spells:

 Your Spells              Type           Power      Damage    Failure   Level
a - Sandblast             Erth           42%        2d11      1%          1
b - Lee's Rapid Deconstr  Erth           10%        3d9*      43%         5
x - Stone Arrow           Conj/Erth      30%        3d8       11%         3

Your spell library contained the following spells:

 Spells                   Type           Power      Damage    Failure   Level
 Passwall                 Tmut/Erth      10%        N/A       8%          2
 Petrify                  Tmut/Erth      12%        N/A       45%         4


Dungeon Overview and Level Annotations

Branches:
Dungeon (3/15)

Altars:


Innate Abilities, Weirdness & Mutations

You are immune to sickness and miasma.
Your stone body is resilient. (AC +4)
You are immune to poison.
You resist negative energy. (rN+)
You are resistant to electric shocks. (rElec)
You are resistant to unholy torment.
You are immune to petrification.


Message History

You hit the orc.
The orc looks as sick as possible!
The orc is heavily wounded.
The orc closely misses you.
You kill the orc!
You closely miss the orc.
The orc is almost dead.
You kill the orc!
The endoplasm hits you but does no damage.
Things that are here:
a +0 flail; a +0 chain mail; an orc corpse You hit the endoplasm.
The endoplasm is severely wounded.
The endoplasm hits you but does no damage.
The orc priest casts a cantrip, but nothing happens.
You hit the endoplasm but do no damage.
The endoplasm is poisoned.
The endoplasm is severely wounded.
The endoplasm closely misses you.
You hit the endoplasm.
You kill the endoplasm!
Your Earth Magic skill increases to level 6!
You hit the orc.
The orc is poisoned.
The orc is moderately wounded.
The orc hits you with a +0 mace.
You barely miss the orc.
The orc is moderately wounded.
The orc closely misses you.
You barely miss the orc.
The orc is moderately wounded.
The orc barely misses you.
You barely miss the orc.
The orc is moderately wounded.
The orc priest calls down the wrath of Beogh upon you.
Beogh smites you!
* * * LOW HITPOINT WARNING * * *
The orc hits you with a +0 mace.
* * * LOW HITPOINT WARNING * * *
You kill the orc!
The orc priest invokes the aid of Beogh against you.
Pain shoots through your body!
You die... #o# oo.

#.# #.#.. #.# #.# ##
####.####.#.# #.))oo).....#
#########.######..###
.........o#### #..###########
.#######.....###..#..)......#
##..##.@....>.#######.#
####...######...## #.#
#......#####.....# #.#
#.##........>...## #.#
#.###.########.## #.#
.###.###.# #.# #.# .........#
#.# #.## ####.##### #+# #...
#.# ###.


You could see an orc priest.

Vanquished Creatures
  Terence (D:2)
  Robin (D:2)
  3 adders
  2 worms (D:2)
  3 dart slugs
  3 orcs (D:3)
  4 ball pythons
  3 bats (D:1)
  4 endoplasms
  A giant cockroach (D:2)
  9 goblins
  8 hobgoblins
  8 jackals
  3 kobolds
  4 quokkas
  5 frilled lizards
  2 rats
64 creatures vanquished.

Notes
Turn   | Place    | Note
-------+----------+-------------------------------------------
     0 | D:1      | wakim the Gargoyle Earth Elementalist began the quest for
                  | the Orb.
     0 | D:1      | Reached XP level 1. HP: 10/10 MP: 3/3
    58 | D:1      | Reached skill level 4 in Earth Magic
    83 | D:1      | Reached XP level 2. HP: 15/15 MP: 3/5
   963 | D:1      | Reached XP level 3. HP: 14/19 MP: 4/6
  1912 | D:2      | Reached skill level 5 in Earth Magic
  2099 | D:2      | Learned a level 3 spell: Stone Arrow
  2370 | D:2      | Reached XP level 4. HP: 12/24 MP: 7/7
  2615 | D:2      | Noticed Terence
  2687 | D:2      | Killed Terence
  2688 | D:2      | Reached skill level 1 in Conjurations
  3523 | D:2      | Noticed Robin
  3537 | D:2      | Reached XP level 5. HP: 21/28 MP: 8/8
  3547 | D:2      | Killed Robin
  3969 | D:3      | Learned a level 5 spell: Lee's Rapid Deconstruction
  4119 | D:3      | Reached skill level 6 in Earth Magic
  4128 | D:3      | Killed from afar by an orc priest

Illustrated notes

Levels and vault maps discovered:
D:1:      minmay_arrival_stone_box, layout_basic, minmay_cut_off
D:2:      layout_basic, minmay_pentomino_u4, uniq_robin, uniq_terence
D:3:      layout_loops_corners, nicolae_hepliaklqana_monster_ancestors

Skill      XL: |  1  2  3  4  5 |
---------------+----------------+-----
Earth Magic    | 4 5 6 |  6.0
Conjurations   | 1 2 |  2.3
Dodging        | |  1.5
Stealth        | |  2.1
Spellcasting   | |  2.5
Transmutations | |  0.7

Action                   |  1- 3 |  4- 6 || total
-------------------------+-------+-------++-------
Melee: Dagger            |   138 |   132 ||   270
       Unarmed           |     1 |       ||     1
 Cast: Sandblast         |    22 |     2 ||    24
       Stone Arrow       |       |     5 ||     5
  Use: Scroll            |     5 |       ||     5
 Stab: Sleeping          |     1 |       ||     1
Armor: Robe              |    51 |    66 ||   117
Dodge: Dodged            |    91 |   100 ||   191

Table legend: (Time is in decaauts)
 A = Elapsed time spent in this place.
 B = Non-inter-level travel time spent in this place.
 C = Inter-level travel time spent in this place.
 D = Time resting spent in this place.
 E = Time spent auto-exploring this place.
 F = Levels seen in this place.
 G = Mean time per level.
                   A        B        C        D        E       F      G
               +--------+--------+--------+--------+--------+-----+--------+
         Total |   4129 |   4034 |     95 |      0 |   3171 |   3 | 1376.3 |
       Dungeon |   4129 |   4034 |     95 |      0 |   3171 |   3 | 1376.3 |
               +--------+--------+--------+--------+--------+-----+--------+

Top non-repeatable levels by time:
     D:1: 2020 daAuts
     D:2: 1917 daAuts
     D:3: 191 daAuts
